 Dungeon Crawl Stone Soup version 0.29.0-4-gdea44cf6ec (webtiles) character file.

Game seed: 1695119896171397673

2808 qw the Cleaver (level 9, -3/62 (69) HPs)
             Began as a Demonspawn Cinder Acolyte on Sept 9, 2022.
             Was a Follower of Ignis.
             Slain by a wight
             ... wielding a +3 great sword
              (4 damage)
             ... on level 7 of the Dungeon.
             The game lasted 00:02:37 (8249 turns).

qw the Cleaver (Demonspawn Cinder Acolyte)          Turns: 8249, Time: 00:02:38

HP:   -3/62 (69)    AC: 20    Str: 19    XL:     9   Next: 44%
MP:   10/10         EV:  8    Int: 15    God:    Ignis [*.....]
Gold: 469           SH:  0    Dex:  9    Spells: 10/10 levels left

rFire   + . .      SeeInvis .   Y - +2 war axe (freeze)
rCold   . . .      Faith    .   (no shield)
rNeg    . . .      Spirit   .   f - +0 chain mail
rPois   +          Reflect  .   (helmet restricted)
rElec   .          Harm     .   o - +2 cloak
rCorr   .          Rampage  .   m - +0 pair of gloves
Will    .....                   (no boots)
Stlth   ..........              (no amulet)
HPRegen 0.20/turn               d - ring of poison resistance
MPRegen 0.12/turn               (no ring)

@: about to teleport, fiery-armoured, heavily drained
A: horns 1, powered by pain 1
a: Renounce Religion, Fiery Armour, Foxfire Swarm, Rising Flame


You were on level 7 of the Dungeon.
You worshipped Ignis.
Ignis was aware of your devotion.
You visited 1 branch of the dungeon, and saw 7 of its levels.

You collected 469 gold pieces.


Innate Abilities, Weirdness & Mutations

You have a pair of small horns on your head.
You sometimes gain a little power by taking damage.


   Skills:
 - Level 6.0 Fighting
 - Level 10.1 Axes
 + Level 3.4 Armour
 - Level 3.1 Dodging
 - Level 1.0 Spellcasting
 - Level 2.6 Fire Magic


You had 10 spell levels left.
You didn't know any spells.
Your spell library contained the following spells:

 Spells                   Type           Power      Damage    Failure   Level
 Scorch                   Fire           16%        2d5       80%         2

Inventory:

Hand Weapons
 a - a -1 hand axe of flaming
 Y - a +2 war axe of freezing (weapon)
Armour
 f - a +0 chain mail (worn)
 m - a +0 pair of gloves (worn)
 o - a +2 cloak (worn)
Jewellery
 d - a ring of poison resistance (left hand)
Scrolls
 k - 3 scrolls of teleportation
 q - 2 scrolls of identify
Potions
 b - a potion of brilliance {unknown}
 c - a potion of haste
 e - a potion of heal wounds {unknown}
 h - 6 potions of curing
 i - a potion of mutation {unknown}
 l - a potion of resistance {unknown}
 n - a potion of flight {unknown}

Dungeon Overview and Level Annotations

Branches:
Dungeon (7/15)             Temple (0/1) D:5

Altars:
Cheibriados
Hepliaklqana
Kikubaaqudgha
Ru
Trog


Message History

You slash the wight! You freeze the wight.
The wight is almost destroyed.
The wight hits you but does no damage.
You barely miss the wight.
You headbutt the wight, but do no damage.
The wight is almost destroyed.
The wight hits you from afar with a +0 trident.
The wight barely misses you.
You hit the wight.
You destroy the wight!
You hit the wight but do no damage.
The wight hits you with a +3 great sword!
The wight hits you from afar with a +0 trident.
8244 ||| INVOKING Fiery Armour.
A protective cloak of flame settles atop you.
The wight hits you but does no damage. x2
You closely miss the wight. The wight hits you but does no damage.
The wight barely misses you.
You closely miss the wight.
You headbutt the wight, but do no damage.
The wight hits you but does no damage. x2
The wight is burned by your cloak of flames.
The wight is lightly damaged.
You completely miss the wight. Your punch misses the wight.
The wight is lightly damaged.
The wight barely misses you. The wight closely misses you.
You hit the wight but do no damage.
The wight is lightly damaged.
The wight barely misses you.
The wight hits you with a +3 great sword!
You feel drained.
The wight is burned by your cloak of flames.
The wight is heavily damaged.
8249 ||| READING 4 scrolls of teleportation.
As you read the scroll of teleportation, it crumbles to dust.
You feel strangely unstable. The wight hits you but does no damage.
The wight hits you with a +3 great sword!
You feel drained.
You die...

#.######.##......#.#
#.# #.##.#.##.#.# #.#
#....#.##.#.# #z#
######.##.#.# #.#
#......# #.# ####.###
#.# #.#
##.##############.#
#.....z....)....@.#
############...)z.....#
#...z......#
#..........#
#..........#
#..$.......#
#.......!..#
######.#+###


You could see 2 wights.

Vanquished Creatures
  Grinder (D:3)
  Sigmund (D:3)
  A steam dragon (D:7)
  A water moccasin (D:6)
  A sky beast (D:6)
  An ogre (D:5)
  An orc warrior (D:7)
  A centaur (D:7)
  A phantom (D:5)
  3 bullfrogs
  5 scorpions
  A necrophage (D:7)
  6 wights (D:7)
  A howler monkey (D:7)
  3 gnoll boudas
  4 orc priests
  4 hounds
  Terence (D:2)
  3 iguanas
  3 orc wizards
  Natasha (thrice) (D:3)
  9 adders
  13 gnolls
  2 ufetubi
  3 worms
  5 dart slugs
  22 orcs
  4 bats
  4 endoplasms
  6 giant cockroaches
  3 goblins
  4 hobgoblins
  4 jackals (D:1)
  5 quokkas
  3 ball pythons
  4 frilled lizards
  5 kobolds
  2 rats
144 creatures vanquished.

Vanquished Creatures (others)
  2 plants (D:5)
  A withered plant (D:4)
3 creatures vanquished.

Grand Total: 147 creatures vanquished

Notes
Turn   | Place    | Note
-------+----------+-------------------------------------------
     0 | D:1      | qw the Demonspawn Cinder Acolyte began the quest for the
                  | Orb.
     0 | D:1      | Reached XP level 1. HP: 18/18 MP: 2/2
     0 | D:1      | 0 ||| qw: Version: 0.1-a-113-g051387a
     0 | D:1      | 0 ||| qw: Game counter: 6905
     0 | D:1      | 0 ||| qw: Always use a shield: true
     0 | D:1      | 0 ||| qw: God list: Okawaru
     0 | D:1      | 0 ||| qw: Allow faded altars: false
     0 | D:1      | 0 ||| qw: Do Orc after D:15 true
     0 | D:1      | 0 ||| qw: Do second Lair branch before Depths: true
     0 | D:1      | 0 ||| qw: Lair rune preference: random
     0 | D:1      | 0 ||| qw: Plans: Normal
     0 | D:1      | 0 ||| PLANNING D:1-11
   263 | D:1      | Reached skill level 3 in Axes
   282 | D:1      | 282 ||| Stepping ~*~*~tactically~*~*~ (hiding).
   348 | D:1      | Gained mutation: You have a pair of small horns on your
                  | head. [demonic ancestry]
   348 | D:1      | Reached XP level 2. HP: 16/24 MP: 3/3
   483 | D:1      | 483 ||| INVOKING Fiery Armour.
   650 | D:1      | Found a faded altar of an unknown god.
   673 | D:1      | 673 ||| Stepping ~*~*~tactically~*~*~ (hiding).
   674 | D:1      | 674 ||| Stepping ~*~*~tactically~*~*~ (hiding).
   816 | D:1      | 816 ||| Stepping ~*~*~tactically~*~*~ (stealth).
   951 | D:1      | Reached XP level 3. HP: 29/29 MP: 4/4
  1169 | D:1      | 1169 ||| UPGRADING to +0 ring mail.
  1179 | D:1      | 1179 ||| DROPPING +0 robe.
  1180 | D:1      | 1180 ||| UPGRADING to +0 scale mail.
  1190 | D:1      | 1190 ||| DROPPING +0 ring mail.
  1191 | D:1      | 1191 ||| DROPPING ring of flight.
  1192 | D:1      | 1192 ||| READING scroll labelled KOCWIE BARU.
  1193 | D:1      | 1193 ||| READING scroll labelled MUKLAAKLUROL.
  1194 | D:1      | 1194 ||| READING scroll labelled KEOSKAJ RODOCI.
  1195 | D:1      | 1195 ||| READING scroll labelled RONIKI IHUEV.
  1196 | D:1      | 1196 ||| DRINKING 2 ruby potions.
  1239 | D:2      | Reached skill level 4 in Axes
  1345 | D:2      | 1345 ||| SWAPPING to +0 war axe.
  1460 | D:2      | 1460 ||| FLEEEEING.
  1461 | D:2      | 1461 ||| STAIRDANCE
  1503 | D:1      | 1503 ||| READING scroll labelled DYVICI MIUF.
  1588 | D:2      | 1588 ||| Stepping ~*~*~tactically~*~*~ (hiding).
  1597 | D:2      | 1597 ||| STAIRDANCE
  1682 | D:2      | Reached skill level 1 in Armour
  2089 | D:2      | 2089 ||| UPGRADING to +0 cloak.
  2094 | D:2      | 2094 ||| READING scroll labelled HUUGRE RONGA.
  2103 | D:3      | Noticed Terence
  2105 | D:3      | Noticed Grinder
  2106 | D:3      | 2106 ||| STAIRDANCE
  2110 | D:2      | 2110 ||| INVOKING Fiery Armour.
  2110 | D:2      | HP: 7/29 [Terence/+0 trident (2)]
  2112 | D:2      | Killed Terence
  2113 | D:2      | Reached XP level 4. HP: 6/35 MP: 5/5
  2195 | D:2      | 2195 ||| FLEEEEING.
  2196 | D:2      | 2196 ||| FLEEEEING.
  2197 | D:2      | 2197 ||| FLEEEEING.
  2205 | D:2      | 2205 ||| STAIRDANCE
  2394 | D:3      | Noticed Sigmund
  2395 | D:3      | 2395 ||| INVOKING Fiery Armour.
  2404 | D:3      | Killed Sigmund
  2405 | D:3      | Reached skill level 5 in Axes
  2405 | D:3      | Reached XP level 5. HP: 39/41 MP: 6/6
  2407 | D:3      | Paralysed by Grinder for 5 turns
  2424 | D:3      | Paralysed by Grinder for 2 turns
  2425 | D:3      | Killed Grinder
  2426 | D:3      | Reached skill level 3 in Dodging
  2426 | D:3      | Reached XP level 6. HP: 36/47 MP: 7/7
  2496 | D:3      | 2496 ||| Stepping ~*~*~tactically~*~*~ (stealth).
  2511 | D:3      | 2511 ||| Stepping ~*~*~tactically~*~*~ (stealth).
  2553 | D:3      | Reached skill level 6 in Axes
  2652 | D:3      | Noticed Natasha
  2653 | D:3      | 2653 ||| Stepping ~*~*~tactically~*~*~ (stealth).
  2670 | D:3      | 2670 ||| INVOKING Fiery Armour.
  2670 | D:3      | HP: 9/47 [white imp/puff of frost[Natasha] (6)]
  2672 | D:3      | Killed Natasha
  2685 | D:3      | 2685 ||| FLEEEEING.
  2686 | D:3      | 2686 ||| FLEEEEING.
  2687 | D:3      | 2687 ||| FLEEEEING.
  2688 | D:3      | 2688 ||| STAIRDANCE
  3007 | D:3      | Noticed Natasha
  3011 | D:3      | 3011 ||| DRINKING 2 potions of curing.
  3011 | D:3      | 3011 ||| (to cure confusion)
  3012 | D:3      | 3012 ||| INVOKING Fiery Armour.
  3019 | D:3      | Killed Natasha
  3024 | D:3      | Gained mutation: You sometimes gain a little power by
                  | taking damage. [demonic ancestry]
  3024 | D:3      | Reached XP level 7. HP: 24/53 MP: 8/8
  3266 | D:3      | Found a hazy altar of Hepliaklqana.
  3291 | D:3      | Noticed Natasha
  3298 | D:3      | Killed Natasha
  3536 | D:3      | 3536 ||| UPGRADING to +0 chain mail.
  3546 | D:3      | 3546 ||| DROPPING +0 scale mail.
  3715 | D:4      | 3715 ||| Stepping ~*~*~tactically~*~*~ (hiding).
  3760 | D:4      | Found a bloodstained altar of Trog.
  3877 | D:4      | 3877 ||| INVOKING Fiery Armour.
  4073 | D:4      | 4073 ||| Stepping ~*~*~tactically~*~*~ (stealth).
  4075 | D:4      | 4075 ||| Stepping ~*~*~tactically~*~*~ (stealth).
  4079 | D:4      | 4079 ||| Stepping ~*~*~tactically~*~*~ (stealth).
  4080 | D:4      | 4080 ||| Stepping ~*~*~tactically~*~*~ (stealth).
  4099 | D:4      | 4099 ||| Stepping ~*~*~tactically~*~*~ (stealth).
  4134 | D:4      | 4134 ||| FLEEEEING.
  4251 | D:4      | Found an ancient bone altar of Kikubaaqudgha.
  4999 | D:4      | 4999 ||| UPGRADING to +0 pair of gloves.
  5004 | D:4      | 5004 ||| READING scroll labelled SULEETHROCEO.
  5005 | D:4      | 5005 ||| READING scroll labelled ATTAGG WOYFI.
  5037 | D:5      | Entered Level 5 of the Dungeon
  5120 | D:5      | 5120 ||| FLEEEEING.
  5121 | D:5      | 5121 ||| FLEEEEING.
  5122 | D:5      | 5122 ||| STAIRDANCE
  5170 | D:5      | 5170 ||| STAIRDANCE
  5180 | D:5      | 5180 ||| STAIRDANCE
  5182 | D:4      | 5182 ||| INVOKING Fiery Armour.
  5371 | D:5      | 5371 ||| DRINKING 3 potions of curing.
  5371 | D:5      | 5371 ||| (to cure confusion)
  5380 | D:5      | Reached skill level 7 in Axes
  5431 | D:5      | 5431 ||| INVOKING Fiery Armour.
  5451 | D:5      | 5451 ||| FLEEEEING.
  5452 | D:5      | 5452 ||| STAIRDANCE
  5604 | D:5      | Reached XP level 8. HP: 54/60 MP: 9/9
  5604 | D:5      | 5604 ||| STAIRDANCE
  5669 | D:5      | 5669 ||| Stepping ~*~*~tactically~*~*~ (stealth).
  5697 | D:5      | 5697 ||| SWAPPING to +2 war axe of freezing.
  5698 | D:5      | 5698 ||| DROPPING +1 war axe.
  5706 | D:5      | 5706 ||| Stepping ~*~*~tactically~*~*~ (stealth).
  5937 | D:5      | Found a staircase to the Ecumenical Temple.
  5958 | D:5      | Reached skill level 8 in Axes
  6174 | D:5      | Found a snail-covered altar of Cheibriados.
  6350 | D:5      | 6350 ||| UPGRADING to +2 cloak.
  6360 | D:5      | 6360 ||| DROPPING +0 cloak.
  6361 | D:5      | 6361 ||| DROPPING ring of magical power.
  6362 | D:5      | 6362 ||| READING scroll labelled ZOP WUVADAYJO.
  6363 | D:5      | 6363 ||| DRINKING 2 golden potions.
  6364 | D:5      | 6364 ||| DROPPING potion of degeneration.
  6394 | D:6      | 6394 ||| INVOKING Fiery Armour.
  6402 | D:6      | Reached skill level 3 in Armour
  6413 | D:6      | HP: 15/61 [poisoned by a scorpion]
  6418 | D:6      | HP: 11/62 [poisoned by a scorpion]
  6426 | D:6      | 6426 ||| FLEEEEING.
  6427 | D:6      | 6427 ||| FLEEEEING.
  6428 | D:6      | 6428 ||| STAIRDANCE
  6727 | D:6      | 6727 ||| INVOKING Fiery Armour.
  6738 | D:6      | Reached skill level 9 in Axes
  7499 | D:6      | 7499 ||| UPGRADING to ring of poison resistance.
  7500 | D:6      | 7500 ||| READING 2 scrolls labelled YNUIGHOFAG.
  7501 | D:6      | 7501 ||| READING scroll labelled XAOMIS REQOATU.
  7502 | D:6      | 7502 ||| READING 2 scrolls of identify.
  7502 | D:6      | 7502 ||| IDENTIFYING amethyst potion
  7503 | D:6      | 7503 ||| DROPPING scroll of magic mapping.
  7583 | D:7      | Reached XP level 9. HP: 63/69 MP: 10/10
  7610 | D:7      | Reached skill level 6 in Fighting
  7616 | D:7      | 7616 ||| FLEEEEING.
  7617 | D:7      | 7617 ||| FLEEEEING.
  7618 | D:7      | 7618 ||| FLEEEEING.
  7619 | D:7      | 7619 ||| FLEEEEING.
  7620 | D:7      | 7620 ||| FLEEEEING.
  7621 | D:7      | 7621 ||| FLEEEEING.
  7622 | D:7      | 7622 ||| FLEEEEING.
  7623 | D:7      | 7623 ||| FLEEEEING.
  7624 | D:7      | 7624 ||| FLEEEEING.
  7625 | D:7      | 7625 ||| FLEEEEING.
  7626 | D:7      | 7626 ||| FLEEEEING.
  7627 | D:7      | 7627 ||| FLEEEEING.
  7628 | D:7      | 7628 ||| FLEEEEING.
  7629 | D:7      | 7629 ||| FLEEEEING.
  7630 | D:7      | 7630 ||| FLEEEEING.
  7631 | D:7      | 7631 ||| FLEEEEING.
  7632 | D:7      | 7632 ||| FLEEEEING.
  7633 | D:7      | 7633 ||| FLEEEEING.
  7634 | D:7      | 7634 ||| FLEEEEING.
  7635 | D:7      | 7635 ||| FLEEEEING.
  7636 | D:7      | 7636 ||| FLEEEEING.
  7637 | D:7      | 7637 ||| FLEEEEING.
  7638 | D:7      | 7638 ||| FLEEEEING.
  7639 | D:7      | 7639 ||| FLEEEEING.
  7640 | D:7      | 7640 ||| FLEEEEING.
  7641 | D:7      | 7641 ||| FLEEEEING.
  7642 | D:7      | 7642 ||| FLEEEEING.
  7643 | D:7      | 7643 ||| FLEEEEING.
  7644 | D:7      | 7644 ||| FLEEEEING.
  7645 | D:7      | 7645 ||| FLEEEEING.
  7646 | D:7      | 7646 ||| FLEEEEING.
  7647 | D:7      | 7647 ||| FLEEEEING.
  7648 | D:7      | 7648 ||| FLEEEEING.
  7649 | D:7      | 7649 ||| FLEEEEING.
  7650 | D:7      | 7650 ||| FLEEEEING.
  7651 | D:7      | 7651 ||| FLEEEEING.
  7652 | D:7      | 7652 ||| FLEEEEING.
  7653 | D:7      | 7653 ||| FLEEEEING.
  7654 | D:7      | 7654 ||| FLEEEEING.
  7655 | D:7      | 7655 ||| FLEEEEING.
  7656 | D:7      | 7656 ||| FLEEEEING.
  7657 | D:7      | 7657 ||| FLEEEEING.
  7658 | D:7      | 7658 ||| FLEEEEING.
  7659 | D:7      | 7659 ||| FLEEEEING.
  7660 | D:7      | 7660 ||| FLEEEEING.
  7661 | D:7      | 7661 ||| FLEEEEING.
  7662 | D:7      | 7662 ||| FLEEEEING.
  7825 | D:7      | 7825 ||| INVOKING Fiery Armour.
  7949 | D:7      | 7949 ||| Stepping ~*~*~tactically~*~*~ (stealth).
  7950 | D:7      | 7950 ||| Stepping ~*~*~tactically~*~*~ (stealth).
  7951 | D:7      | 7951 ||| Stepping ~*~*~tactically~*~*~ (stealth).
  7953 | D:7      | Found a sacrificial altar of Ru.
  7974 | D:7      | 7974 ||| Stepping ~*~*~tactically~*~*~ (stealth).
  8064 | D:7      | 8064 ||| Stepping ~*~*~tactically~*~*~ (hiding).
  8065 | D:7      | 8065 ||| Stepping ~*~*~tactically~*~*~ (hiding).
  8078 | D:7      | 8078 ||| FLEEEEING.
  8079 | D:7      | 8079 ||| FLEEEEING.
  8081 | D:7      | 8081 ||| Stepping ~*~*~tactically~*~*~ (hiding).
  8091 | D:7      | Reached skill level 10 in Axes
  8169 | D:7      | Identified the +1 leather armour of Ekhlamno {Will+ rCorr
                  | Str+4}
  8176 | D:7      | 8176 ||| Stepping ~*~*~tactically~*~*~ (stealth).
  8244 | D:7      | 8244 ||| INVOKING Fiery Armour.
  8248 | D:7      | HP: 12/66 [wight/+3 great sword (8)]
  8249 | D:7      | 8249 ||| READING 4 scrolls of teleportation.
  8249 | D:7      | HP: 1/64 [wight/+3 great sword (9)]
  8249 | D:7      | Slain by a wight

Levels and vault maps discovered:
D:1:      scummos_arrival_simple_fountains, layout_loops_ring,
          ebering_ecumenical_altar_box
D:2:      layout_loops_cross, serial_bayou_pond_e
D:3:      layout_rooms, old_standard_altar, minmay_misc_feat_chi, uniq_natasha,
          uniq_grinder, uniq_sigmund, uniq_terence
D:4:      layout_basic, kiku_gazebo_garden_becter, trog_butcher_becter
D:5:      layout_cave_pools, zin_academy, lemuel_tele_altar,
          minmay_temple_entry_ruins, hangedman_decor_diamond_cutter,
          serial_bayou_lagoon_b
D:6:      layout_cave_pools, kennysheep_generic_room_4
D:7:      layout_basic, mainiacjoe_overflow_surrounded_room, enter_bailey_3,
          uniq_maggie

Skill      XL: |  1  2  3  4  5  6  7  8  9 |
---------------+----------------------------+-----
Axes           | 3 4 5 6 7 9 10 | 10.1
Armour         | 1 2 3 |  3.4
Dodging        | 3 |  3.1
Fighting       | 4 5 6 |  6.0
Spellcasting   | |  1.0
Fire Magic     | |  2.6

Action                   |  1- 3 |  4- 6 |  7- 9 || total
-------------------------+-------+-------+-------++-------
Melee: Hand axe          |    78 |       |       ||    78
       Headbutt          |     8 |     7 |    51 ||    66
       War axe           |    38 |    60 |   298 ||   396
       Punch             |       |       |     2 ||     2
Invok: Fiery Armour      |     2 |     3 |     7 ||    12
  Use: Scroll            |     6 |       |     7 ||    13
       Potion            |     1 |     1 |     2 ||     4
Armor: Robe              |    16 |       |       ||    16
       Scale mail        |    18 |    41 |     4 ||    63
       Chain mail        |       |       |   181 ||   181
Dodge: Dodged            |    64 |    40 |   139 ||   243

Table legend:
 A = Non-vault XP
 B = Vault XP
 C = Vault XP percentage of total XP
 D = Non-vault monster count
 E = Vault monster count
 F = Vault count percentage of total count
                 A         B        C        D         E       F
            +---------+---------+-------+---------+---------+-------
      Total |    3402 |     610 |  15.2 |     134 |      10 |   6.9
            +---------+---------+-------+---------+---------+-------
        D:1 |      48 |       0 |   0.0 |      24 |       0 |   0.0
        D:2 |      41 |      38 |  48.1 |       9 |       1 |  10.0
        D:3 |     167 |     516 |  75.5 |      17 |       3 |  15.0
        D:4 |     334 |       8 |   2.3 |      23 |       4 |  14.8
        D:5 |     579 |       0 |   0.0 |      18 |       0 |   0.0
        D:6 |     983 |      48 |   4.7 |      24 |       2 |   7.7
        D:7 |    1250 |       0 |   0.0 |      19 |       0 |   0.0
            +---------+---------+-------+---------+---------+-------
